Construct Section Command Post
Construct Platoon Command Post
Construct Platoon Command Post
Unlock M3 Stuart Light Tanks
Selects Air and Sea Battlegroup
Selects Commando Section Paradrop
Selects M1 Pack Howitzer Paradrop
Construct Field Infirmary
6-pounder Anti-tank Gun Team
Construct Company Command Post
Commando Section Paradrop
Selects Anti-tank Rocket Loiter
Unlock Towed 17-pounder Anti-tank Guns
17-pounder Anti-tank Gun Team
Unlock Bishop Self-propelled Artillery
Bishop Self-propelled Artillery